AoeStats
← Fred's real son

Arabia

510111514Analyzed
3v3 RM · 3d ago on Sep 29, 2026· 37m 20s· 6 players
Game mode
Random Map
Map size
Normal (6 player)
Population
200
Speed
Normal
Resources
Standard
Victory
Conquest
Starting age
Dark Age
Ending age
Imperial Age
RankedLock teamsTeams togetherTeam positionsShared explorationLock speedFull tech treeHidden civsTurbo modeCheats
Victory
Defeat
🇭🇰 Wu · Hong Kong SAR China
1531
+8
🇭🇰 Danes · Hong Kong SAR China
1477
+9
🇭🇰 Khmer · Hong Kong SAR China
1465
+10
🇦🇷 Franks · Argentina
1401
-11
🇦🇷 Vietnamese · Argentina
1396
-11
🇦🇷 Britons · Argentina
1188
-5
Steven S Lee
6:51 Loom
9:30 Feudal Age
10:23 Double-Bit Axe
12:56 Fletching
16:51 Wheelbarrow
20:56 Castle Age
19:40 Horse Collar
19:52 Gold Mining
21:09 Stone Mining
21:39 Bodkin Arrow
21:45 Crossbowman
22:57 Town Watch
24:21 Bow Saw
24:12 Heavy Plow
24:43 Town Watch
28:27 Padded Archer Armor
28:30 Red Cliffs Tactics
30:27 Leather Archer Armor
36:09 Imperial Age
34:16 Masonry
35:38 Gold Shaft Mining
36:10 Elite Fire Archer
36:51 Bracer
37:14 Ballistics
38:28 Chemistry
38:08 Conscription
argum
7:22 Loom
10:06 Feudal Age
10:41 Double-Bit Axe
12:27 Horse Collar
15:02 Fletching
22:42 Wheelbarrow
25:33 Castle Age
23:45 Gold Mining
23:56 Scale Mail Armor
24:39 Forging
25:26 Arson
26:31 Chain Mail Armor
25:47 Crossbowman
26:39 Bow Saw
28:42 Iron Casting
29:50 Stone Mining
30:35 Squires
30:45 Town Watch
34:40 Bodkin Arrow
Fred's real son
8:32 Feudal Age
8:13 Loom
8:59 Double-Bit Axe
9:06 Horse Collar
19:48 Bloodlines
22:27 Castle Age
20:40 Scale Barding Armor
20:48 Forging
21:10 Bloodlines
21:14 Gold Mining
22:34 Light Cavalry
23:35 Chain Barding Armor
23:42 Bow Saw
24:29 Fletching
25:25 Iron Casting
30:16 Wheelbarrow
31:35 Gold Shaft Mining
31:56 Husbandry
34:56 Hand Cart
Ricardo Arjona
3:06 Loom
10:09 Feudal Age
10:38 Double-Bit Axe
16:12 Fletching
18:50 Padded Archer Armor
21:18 Wheelbarrow
24:48 Castle Age
23:14 Horse Collar
23:56 Gold Mining
24:53 Crossbowman
25:29 Bodkin Arrow
27:08 Ballistics
27:33 Wheelbarrow
29:21 Bow Saw
33:49 Thumb Ring
34:20 Stone Mining
Purpo22
3:16 Loom
9:33 Feudal Age
10:07 Double-Bit Axe
20:52 Castle Age
21:41 Padded Archer Armor
21:45 Fletching
23:06 Leather Archer Armor
22:59 Bodkin Arrow
32:41 Horse Collar
33:13 Bow Saw
35:48 Leather Archer Armor
36:03 Ballistics
35:36 Elite Skirmisher
37:01 Wheelbarrow
Narygol
6:33 Loom
9:21 Feudal Age
10:48 Double-Bit Axe
20:49 Scale Barding Armor
24:12 Castle Age
22:21 Gold Mining
25:20 Chain Barding Armor
26:26 Bow Saw
27:29 Forging
31:14 Wheelbarrow
32:05 Husbandry
37:52 Gold Shaft Mining
Connection lost

Rejoining the realm…

Still unreachable

The connection could not be restored.

Session expired

The server has moved on; the page needs a fresh start.